 Dungeon Crawl Stone Soup version 0.29.1-2-gbd0b4ee654 (webtiles) character file.

Game seed: 3332555691787150743

28 Descartes the Ducker (level 3, 0/16 HPs)
             Began as a Felid Wanderer on Oct 28, 2022.
             Succumbed to an adder's poison
             ... on level 2 of the Dungeon.
             The game lasted 00:02:36 (1036 turns).

Descartes the Ducker (Felid Wanderer)               Turns: 1036, Time: 00:02:36

Health: 0/16       AC:  1    Str:  8    XL:     3   Next: 0%
Magic:  2/7        EV: 17    Int: 14    God:
Gold:   58         SH:  0    Dex: 16    Spells: 5/6 levels left
                                        Lives:  0   Deaths: 0

rFire   . . .      SeeInvis +   (weapon unavailable)
rCold   . . .      Faith    .   (shield unavailable)
rNeg    . . .      Spirit   .   (body armour unavailable)
rPois   .          Reflect  .   (helmet unavailable)
rElec   .          Harm     .   (cloak unavailable)
rCorr   .          Rampage  .   (gloves unavailable)
Will    .....                   (boots unavailable)
Stlth   ++........              (no amulet)
HPRegen 0.05/turn               (no ring)
MPRegen 0.10/turn               (no ring)

@: lethally poisoned (0 -> -2), quick
A: very small, claws 1, fangs 3, see invisible, speed 1, shaggy fur 1, stealthy
paws, no weapons or thrown items, no armour, multi-lived
a: no special abilities


You were on level 2 of the Dungeon.
You visited 1 branch of the dungeon, and saw 2 of its levels.

You collected 58 gold pieces.

Inventory:

Scrolls
 c - a scroll of summoning {unknown}
 d - a scroll of teleportation {unknown}
 f - a scroll of enchant armour {unknown}
Potions
 a - a potion of curing
 b - a potion of haste
 e - a potion of lignification {unknown}


   Skills:
 - Level 2.0 Fighting
 + Level 2.9 Dodging
 + Level 0.9 Stealth
 + Level 0.6 Unarmed Combat
 + Level 2.2 Spellcasting
 + Level 1.0 Translocations
 + Level 0.9 Transmutations
 + Level 2.8 Poison Magic
 - Level 1.3 Invocations


You had 5 spell levels left.
You knew the following spells:

 Your Spells              Type           Power      Damage    Failure   Level
a - Sting                 Tmut/Pois      24%        1d4       11%         1

Your spell library contained the following spells:

 Spells                   Type           Power      Damage    Failure   Level
 Ignite Poison            Fire/Tmut/Pois 5%         N/A       38%         3
 Mephitic Cloud           Conj/Pois/Air  4%         N/A       43%         3


Dungeon Overview and Level Annotations

Branches:
Dungeon (2/15)

Altars:


Innate Abilities, Weirdness & Mutations

You have sharp claws.
You have razor-sharp teeth.
You have supernaturally acute eyesight. (SInv)
You cover ground quickly. (Speed+)
You are covered in fur. (AC +1)
Your paws help you pounce on unaware monsters.
You are incapable of wielding weapons or throwing items.
You cannot wear armour.
You gain extra lives every three experience levels.


Message History

The adder bites you.
You are poisoned.
The adder poisons you!
Casting: Sting (safe; 12% risk of failure)
Confirm with . or Enter, or press ? or * to list all spells.
Aiming: Sting (safe; 12% risk of failure)
Press: ? - help, Shift-Dir - straight line, f/p - adder
Aim: an adder (moderately wounded, very poisoned, 48% to hit)
The sting hits the adder.
The adder looks even sicker.
The adder is heavily wounded.
You feel sick. The bat hits you but does no damage. The adder bites you.
You are lethally poisoned!
The adder poisons you! The adder attacks as you move away!
The adder bites you but does no damage.
You feel sick. The bat misses you.
You feel sick. The bat closely misses you.
You feel sick.
You kill the adder!
The bat misses you.
Your Translocations skill increases to level 1!
* * * LOW HITPOINT WARNING * * *
You feel sick. The bat hits you but does no damage.
* * * LOW HITPOINT WARNING * * *
You feel sick.
Casting: Sting (safe; 11% risk of failure)
Confirm with . or Enter, or press ? or * to list all spells.
Aiming: Sting (safe; 11% risk of failure)
Press: ? - help, Shift-Dir - straight line, f - bat
Aim: a bat (52% to hit)
The sting hits the bat.
The bat is poisoned.
The bat is severely wounded.
* * * LOW HITPOINT WARNING * * *
You feel sick.
You kill the bat!
You have reached level 3!
Your experience leads to an increase in your attributes!
Increase (S)trength, (I)ntelligence, or (D)exterity?
You feel stronger. x2
There is a lethal amount of poison in your body!
You die...

#.....##...#
###........####+#
...........#....#
...........+....+ #
###....†####....##.#
..................
.....†...#......#
.........#......#
.......@.#..<...#
.........#......#
................+ #
..........#.#####...#
.....<...............
.########..##########
...........#
#######........
#.##.####


There were no monsters in sight!

Vanquished Creatures
  An adder (D:2)
  A dart slug (D:1)
  An endoplasm (D:1)
  2 hobgoblins (D:1)
  5 kobolds (D:1)
  2 quokkas (D:1)
  2 bats
  A frilled lizard (D:2)
  2 rats (D:1)
17 creatures vanquished.

Notes
Turn   | Place    | Note
-------+----------+-------------------------------------------
     0 | D:1      | Descartes the Felid Wanderer began the quest for the Orb.
     0 | D:1      | Descartes set off with the following items: a potion of
                  | curing, a potion of haste; and the following spell
                  | memorised: Sting; and the following spells available to
                  | memorise: Ignite Poison, Mephitic Cloud.
     0 | D:1      | Reached XP level 1. HP: 9/9 MP: 4/4
   219 | D:1      | Reached XP level 2. HP: 13/13 MP: 3/6
  1033 | D:2      | Reached skill level 1 in Translocations
  1036 | D:2      | Reached XP level 3. HP: 1/16 MP: 2/7
  1036 | D:2      | Succumbed to an adder's poison

Illustrated notes

Levels and vault maps discovered:
D:1:      amcnicky_arrival_gap_in_the_tavern_cellar, layout_loops_ring
D:2:      layout_basic, ebering_ecumenical_altar_sacrificial

Skill      XL: |  1  2 |
---------------+-------+-----
Translocations | 1 |  1.0
Fighting       | |  2.0
Dodging        | |  2.9
Stealth        | |  0.9
Unarmed Combat | |  0.6
Spellcasting   | |  2.2
Transmutations | |  0.9
Poison Magic   | |  2.8
Invocations    | |  1.3

Action                   || total
-------------------------++-------
Melee: Unarmed           ||    14
       Bite              ||     2
 Cast: Sting             ||    28
Armor: Skin              ||     4
Dodge: Dodged            ||    10
